 Dungeon Crawl Stone Soup version 0.31-a0-150-g89dc3ad700 (webtiles) character file.

Game seed: 9904666261494157855

310 iguanaiguana the Trooper (level 7, 0/64 HPs)
             Began as a Meteoran Delver on June 9, 2023.
             Slain by a gnoll
             ... wielding a +0 halberd
             ... led by a gnoll bouda
              (11 damage)
             ... on level 4 of the Dungeon.
             The game lasted 00:06:05 (843 turns).

iguanaiguana the Trooper (Meteoran Delver)           Turns: 843, Time: 00:06:05

Health: 0/64       AC: 10    Str: 14    XL:     7   Next: 1%
Magic:  8/8        EV:  4    Int: 13    God:
Gold:   134        SH:  0    Dex: 14    Spells: 6/6 levels left

rFire   . . .        f - +0 war axe (venom)
rCold   . . .        (no shield)
rNeg    . . .        h - +0 plate armour
rPois   .            (no helmet)
rElec   .            (no cloak)
rCorr   .            (no gloves)
SInv    .            (no boots)
Will    .....        (no amulet) Stlth
                     (no ring)
HPRegen 0.30/turn    (no ring)
MPRegen 0.11/turn

%: no passive effects
@: lethally poisoned (0 -> -2), glowing
A: sense surroundings 1, otherworldly, glowing, explore regen, clumsy 1
a: no special abilities


You were on level 4 of the Dungeon.
You visited 1 branch of the dungeon, and saw 6 of its levels.

You collected 134 gold pieces.

Inventory:

Hand Weapons
 a - a +0 mace
 f - a +0 war axe of venom (weapon)
 j - a +0 whip
Armour
 b - a +0 leather armour
 h - a +0 plate armour (worn)
Wands
 g - a wand of digging (3) {@v3}
 o - a wand of acid (9) {@v1}
Scrolls
 c - a scroll of fog
 d - a scroll of magic mapping {@r5}
 e - a scroll of fear
 k - 3 scrolls of identify {unknown}
 n - a scroll of torment {unknown}
 p - a scroll of summoning {unknown}
 q - a scroll of immolation {unknown}
 r - 2 scrolls of teleportation {unknown}
Potions
 i - a potion of haste {@q4}
 l - a potion of heal wounds {unknown}
 m - 3 potions of magic {unknown}


   Skills:
 - Level 6.5 Fighting
 - Level 3.5(4.0) Axes
 - Level 2.9(3.8) Maces & Flails
 - Level 2.4 Dodging
 - Level 3.7 Stealth
 + Level 1.3 Evocations


You had 6 spell levels left.
You didn't know any spells.
Your spell library contained the following spells:

 Spells                   Type           Power      Damage    Failure   Level
 Dazzling Flash           Conj/Hex       0%         N/A       100%        3
 Agony                    Necr           0%         N/A       100%        5
 Silence                  Hex/Air        0%         N/A       100%        5


Dungeon Overview and Level Annotations

Branches:
Dungeon (6/15) Zot: 2746
 Temple: D:4-7

Altars:


Innate Abilities, Weirdness & Mutations

You passively map a small area around you.
You are easily found by Zot.
You glow in the dark.
You regain HP and MP as you explore.
You are clumsy. (Dex -2)


Message History

A gnoll is wielding a +1 halberd of pain.
The adder hisses angrily.
The gnoll bouda shouts!
The gnoll shouts! x2
The gnoll hits you with a +0 halberd.
The gnoll hits you from afar with a +0 halberd.
You closely miss the gnoll bouda. You barely miss the adder.
You writhe in agony.
The gnoll bouda barks out a call to the hunt!
The gnolls pick up the pace!
You hit the gnoll bouda.
The gnoll bouda is lightly wounded.
You slash the gnoll!
The gnoll is poisoned.
You barely miss the adder. The adder bites you.
You are poisoned.
The adder poisons you!
You writhe in agony.
The gnoll hits you from afar with a +0 halberd.
You slash the gnoll!
You kill the gnoll!
You hit the gnoll bouda.
The gnoll bouda is poisoned.
You slash the adder!
The adder is poisoned.
You kill the adder!
You writhe in agony.
The gnoll hits you from afar with a +0 halberd.
The gnoll bouda hits you with a +0 whip!
* * * LOW HITPOINT WARNING * * *
The gnoll bouda hits you with a +0 whip.
* * * LOW HITPOINT WARNING * * *
The gnoll hits you from afar with a +0 halberd!
* * * LOW HITPOINT WARNING * * *
The gnoll hits you from afar with a +1 halberd of pain.
* * * LOW HITPOINT WARNING * * *
Your Evocations skill increases to level 1!
You have reached level 7!
You barely miss the gnoll bouda.
The gnoll bouda is lightly wounded.
The gnoll hits you from afar with a +1 halberd of pain.
* * * LOW HITPOINT WARNING * * *
You writhe in agony.
* * * LOW HITPOINT WARNING * * *
The gnoll hits you from afar with a +0 halberd!
You die...

.............# ###
.............## #..##
#.............# #....#
##........#...## .....#
##......##....##.....#
#..#######...#......#
##..## #...gg....#
##..## #....)g...#
#...## #....@†...#
#####...###........##*
#........##............
*
##........##...#########
* #...........####
...........##
...........#
..........## .........##


You could see a gnoll bouda (poisoned) and 2 gnolls.

Vanquished Creatures
  Duvessa (D:4)
  An ogre (D:3)
  Dowan (D:4)
  A gnoll (D:4)
  3 adders
  4 orcs (D:4)
  A bat (D:1)
  2 endoplasms
  3 giant cockroaches
  2 goblins (D:2)
  3 hobgoblins (D:1)
  A quokka (D:1)
  6 ball pythons
  3 frilled lizards
  A kobold (D:2)
  6 rats
39 creatures vanquished.

Notes
Turn   | Place    | Note
-------+----------+-------------------------------------------
     0 | D:5      | iguanaiguana the Meteoran Delver began the quest for the
                  | Orb.
     0 | D:5      | Reached XP level 1. HP: 19/19 MP: 2/2
    28 | D:5      | Noticed a sleepcap
    69 | D:4      | Noticed a phantom
    84 | D:4      | Gained mutation: You are clumsy. (Dex -2) [potion of
                  | mutation]
   103 | D:4      | Noticed an orc wizard
   170 | D:1      | Reached skill level 1 in Axes
   170 | D:1      | Reached XP level 2. HP: 26/26 MP: 3/3
   297 | D:1      | Reached XP level 3. HP: 31/31 MP: 4/4
   616 | D:3      | Reached XP level 4. HP: 38/38 MP: 5/5
   670 | D:3      | Noticed an ogre
   688 | D:3      | Killed an ogre
   689 | D:3      | Reached skill level 5 in Fighting
   689 | D:3      | Reached XP level 5. HP: 48/48 MP: 6/6
   714 | D:4      | Noticed Duvessa
   715 | D:4      | Noticed Dowan
   721 | D:4      | Killed Duvessa
   722 | D:4      | Reached skill level 6 in Fighting
   722 | D:4      | Reached XP level 6. HP: 57/57 MP: 7/7
   726 | D:4      | Killed Dowan
   843 | D:4      | Reached skill level 1 in Evocations
   843 | D:4      | Reached XP level 7. HP: 18/64 MP: 8/8
   843 | D:4      | Slain by a gnoll

Illustrated notes

Levels and vault maps discovered:
D:1:      amcnicky_arrival_feature_with_door, layout_basic
D:2:      layout_loops_cross, st_stairs_10
D:3:      layout_basic
D:4:      layout_cave_pods, uniq_blork_the_orc, uniq_robin, uniq_duvessa
D:5:      layout_loops_ring, serial_bayou_ford_a
D:6:      layout_basic, grunt_temple_overflow_cloverleaf, temple_statues

Skill      XL: |  1  2  3  4  5  6 |
---------------+-------------------+-----
Axes           | 1 2 3 |  3.5
Fighting       | 5 6 |  6.5
Evocations     | 1 |  1.3
Maces & Flails | |  2.9
Dodging        | |  2.4
Stealth        | |  3.7

Action                     |  1- 3 |  4- 6 |  7- 9 || total
---------------------------+-------+-------+-------++-------
  Melee: Whip              |    13 |       |       ||    13
         War axe           |    45 |    28 |     1 ||    74
         Punch             |     1 |       |       ||     1
  Throw: Throwing net      |       |     1 |       ||     1
  Evoke: Wand              |       |     2 |       ||     2
    Use: Potion            |     2 |       |       ||     2
 Armour: Plate armour      |    61 |    24 |       ||    85
  Dodge: Dodged            |    11 |     6 |       ||    17

Table legend: (Time is in decaauts)
 A = Elapsed time spent in this place.
 B = Non-inter-level travel time spent in this place.
 C = Inter-level travel time spent in this place.
 D = Time resting spent in this place.
 E = Time spent auto-exploring this place.
 F = Levels seen in this place.
 G = Mean time per level.
                   A        B        C        D        E       F      G
               +--------+--------+--------+--------+--------+-----+--------+
         Total |    852 |    822 |     30 |      0 |      0 |   6 |  142.0 |
       Dungeon |    852 |    822 |     30 |      0 |      0 |   6 |  142.0 |
               +--------+--------+--------+--------+--------+-----+--------+

Top non-repeatable levels by time:
     D:2: 217 daAuts
     D:3: 215 daAuts
     D:4: 200 daAuts
     D:1: 150 daAuts
     D:5: 67 daAuts
     D:6: 1 daAuts
